 Dungeon Crawl Stone Soup version 0.30.0-29-ga12c61a403 (webtiles) character file.

Game seed: 6338208774024436584

251 cdecastro the Shooter (level 5, 0/42 HPs)
             Began as a Minotaur Hunter on June 12, 2023.
             Was an Initiate of Dithmenos.
             Killed from afar by an orc wizard (7 damage)
             ... with a magic dart
             ... on level 5 of the Dungeon.
             The game lasted 00:06:31 (4072 turns).

cdecastro the Shooter (Minotaur Hunter)             Turns: 4072, Time: 00:06:31

Health: 0/42       AC:  4    Str: 17    XL:     5   Next: 88%
Magic:  4/4        EV: 27    Int:  6    God:    Dithmenos [......]
Gold:   341        SH:  0    Dex: 14    Spells: 4/4 levels left

rFire   . . .        a - +0 shortbow
rCold   . . .        (shield currently unavailable)
rNeg    . . .        c - +0 leather armour
rPois   .            (helmet restricted)
rElec   .            (no cloak)
rCorr   .            g - +0 pair of gloves
SInv    .            (no boots)
Will    .....        x - amulet of the acrobat
Stlth   +            (no ring)
HPRegen 0.27/turn    (no ring)
MPRegen 0.09/turn

%: acrobat
@: confused, acrobatic
A: horns 2, retaliatory headbutt
a: Renounce Religion


You were on level 5 of the Dungeon.
You worshipped Dithmenos.
Dithmenos was noncommittal.
You visited 2 branches of the dungeon, and saw 6 of its levels.

You collected 341 gold pieces.

Inventory:

Hand Weapons
 a - a +0 shortbow (weapon)
 t - a +3 spear of venom
Armour
 c - a +0 leather armour (worn)
 g - a +0 pair of gloves (worn)
 m - a +0 chain mail
 p - a +0 scale mail
Jewellery
 f - an amulet of guardian spirit
 x - an amulet of the acrobat (around neck)
Wands
 B - a wand of flame (14)
 C - a wand of charming (7)
Scrolls
 b - 2 scrolls of immolation
 e - 2 scrolls of fear {unknown}
 h - a scroll of torment {unknown}
 j - 2 scrolls of teleportation {unknown}
 l - a scroll of silence {unknown}
 n - 5 scrolls of identify {unknown}
 s - 4 scrolls of enchant weapon {unknown}
 v - a scroll of poison {unknown}
 y - a scroll of blinking {unknown}
 A - a scroll of vulnerability {unknown}
Potions
 d - a potion of brilliance {unknown}
 i - 4 potions of degeneration {unknown}
 k - 2 potions of curing {unknown}
 o - a potion of ambrosia {unknown}
 q - a potion of might {unknown}
 r - a potion of resistance {unknown}
 u - a potion of mutation {unknown}
 w - a potion of attraction {unknown}
 z - a potion of invisibility {unknown}
 D - 2 potions of flight {unknown}


   Skills:
 - Level 2.4 Fighting
 + Level 7.9 Ranged Weapons
 - Level 2.1 Dodging
 - Level 0.7 Stealth


You had 4 spell levels left.
You didn't know any spells.
Your spell library contained the following spells:

 Spells                   Type           Power      Damage    Failure   Level
 Lesser Beckoning         Tloc           0%         N/A       67%         2
 Gell's Gravitas          Tloc           0%         N/A       88%         3
 Teleport Other           Tloc           0%         N/A       88%         3


Dungeon Overview and Level Annotations

Branches:
Dungeon (5/15)             Temple (1/1) D:5

Altars:
Ashenzari
Cheibriados
Dithmenos
Elyvilon
Gozag
Hepliaklqana
Kikubaaqudgha
Makhleb
Nemelex Xobeh
Okawaru
Sif Muna
Uskayaw
Vehumet
Xom
Yredelemnul
Zin

Shops:
D:4 :

Annotations:
D:3 1 runed translucent door, Crazy Yiuf


Innate Abilities, Weirdness & Mutations

You have a pair of horns on your head.
You reflexively headbutt those who attack you in melee.


Message History

You shoot an arrow. Something hits you.
You hear some strange, mumbled words.
You are confused.
You're too confused to move!
Something hits you. Something hits you. Something hits you but does no damage.
You hear some strange, mumbled words.
You are more confused.
Something misses you.
You miss something. Your headbutt misses something. Something hits you.
You completely miss something. Something hits you.
Something hits you but does no damage. x2
You miss something. Something hits you.
You hear some strange, mumbled words.
A puff of flame appears from out of thin air!
The puff of flame hits you. Something hits you but does no damage.
You miss something.
You feel less confused.
You hear some strange, mumbled words.
A puff of flame appears from out of thin air!
The puff of flame hits you!
* * * LOW HITPOINT WARNING * * *
You shoot an arrow. Something hits you.
* * * LOW HITPOINT WARNING * * *
You hear some strange, mumbled words.
A magic dart appears from out of thin air!
The magic dart hits you.
* * * LOW HITPOINT WARNING * * *
You shoot an arrow.
You hear some strange, mumbled words.
You are confused.
You barely miss something. Your headbutt misses something. Something hits you.
* * * LOW HITPOINT WARNING * * *
Something hits you.
* * * LOW HITPOINT WARNING * * *
Unknown command.
A magic dart appears from out of thin air!
The magic dart hits you!
You die...

##....##........ ..
#....##..#..... ..#
##....#...###.## ....
###....####..##.##
...###......####..#..##
........).....#..###..#
#........).....##..#
##....{.........##...
#...@..........###...
.......###.###....###..[
....#.# #.........#....
#.. ## #.........#....
## #..........#...
#####..........
#.......... ###........
#.####...


There were no monsters in sight!

Vanquished Creatures
  An iron imp (D:4)
  2 orc priests
  4 gnolls
  4 adders
  A dart slug (D:1)
  7 orcs
  7 bats
  6 endoplasms
  6 giant cockroaches
  10 goblins
  6 hobgoblins
  4 jackals (D:5)
  4 quokkas
  4 ball pythons
  A frilled lizard (D:3)
  7 kobolds
  5 rats
79 creatures vanquished.

Notes
Turn   | Place    | Note
-------+----------+-------------------------------------------
     0 | D:1      | cdecastro the Minotaur Hunter began the quest for the Orb.
     0 | D:1      | Reached XP level 1. HP: 18/18 MP: 0/0
   166 | D:1      | Reached XP level 2. HP: 25/25 MP: 1/1
   218 | D:1      | Reached skill level 5 in Ranged Weapons
   932 | D:2      | Reached XP level 3. HP: 30/30 MP: 2/2
  1267 | D:2      | Reached skill level 6 in Ranged Weapons
  1514 | D:3      | Reached XP level 4. HP: 37/37 MP: 3/3
  1568 | D:3      | Found a runed translucent door.
  1569 | D:3      | Noticed Crazy Yiuf
  2392 | D:4      | Found Xaegyor's Book Shoppe.
  2585 | D:4      | Found a snail-covered altar of Cheibriados.
  2598 | D:4      | Reached skill level 7 in Ranged Weapons
  2598 | D:4      | Reached XP level 5. HP: 28/42 MP: 2/4
  2686 | D:4      | Noticed an ogre
  3412 | D:5      | Entered Level 5 of the Dungeon
  3516 | D:5      | Found a staircase to the Ecumenical Temple.
  3559 | Temple   | Entered the Ecumenical Temple
  3809 | Temple   | Became a worshipper of Dithmenos the Shadowed
  3941 | D:5      | Found a radiant altar of Vehumet.
  3942 | D:5      | Found a broken altar of Ashenzari.
  3944 | D:5      | Found a white marble altar of Elyvilon.
  4072 | D:5      | Killed from afar by an orc wizard

Illustrated notes

Levels and vault maps discovered:
D:1:      ncdulo_smallfort, layout_basic, st_stairs_11
D:2:      layout_loops_cross
D:3:      layout_basic, uniq_crazy_yiuf_cottage
D:4:      layout_loops_ring, slow_altar_1, serial_shops,
          nicolae_shop_behind_doors, minmay_fountain_box,
          chequers_serial_rivers_micro_b
D:5:      layout_cave_pools, mainiacjoe_overflow_alcove_4,
          chequers_temple_overflow_statue_of_worship,
          minmay_temple_entry_drinking_statues, lightli_minifort, uniq_sigmund
Temple:   hellmonk_temple_forest_ring

Skill      XL: |  1  2  3  4 |
---------------+-------------+-----
Ranged Weapons | 5 6 7 |  7.9
Fighting       | |  2.4
Dodging        | |  2.1
Stealth        | |  0.7

Action                     |  1- 3 |  4- 6 || total
---------------------------+-------+-------++-------
  Melee: Shortbow          |       |     5 ||     5
   Fire: Shortbow          |   116 |   141 ||   257
 Armour: Leather armour    |    11 |    22 ||    33
  Dodge: Dodged            |    20 |    49 ||    69
